 Dungeon Crawl Stone Soup version 0.18-a0-971-g0af6217 (webtiles) character file.

13 4thArraOfDagon the Gusty (level 2, -4/20 HPs)
             Began as a Centaur Air Elementalist on Jan 2, 2016.
             Slain by a centaur skeleton (6 damage)
             ... on level 5 of the Dungeon.
             The game lasted 00:01:48 (285 turns).

4thArraOfDagon the Gusty (Centaur Air Elementalist)  Turns: 285, Time: 00:01:49

Health: -4/20      AC:  4    Str: 14    XL:     2   Next: 24%
Magic:  4/4        EV:  9    Int: 14    God:
Gold:   9          SH:  0    Dex:  9    Spells: 2 memorised, 1 level left

rFire  x . .     SeeInvis .     i - +4 mace of Conscience {pain, +Fly rPois rF- Str+4}
rCold  . . .     Gourm    .     a - +0 robe
rNeg   . . .     Faith    .     (no shield)
rPois  +         Spirit   .     (no helmet)
rElec  .         Dismiss  .     (no cloak)
rCorr  .         Reflect  .     (no gloves)
SustAt .         Harm     .     (no barding)
MR     .....                    (no amulet)
Stlth  +.........               (no ring)
                                (no ring)

@: very slightly contaminated, repel missiles, very quick, not resistant to
hostile enchantments, very unstealthy
A: hooves 3, deformed body, speed 2, tough skin 3
a: Evoke Flight


You were on level 5 of the Dungeon.
You were not hungry.

You visited 1 branch of the dungeon, and saw 5 of its levels.

You collected 9 gold pieces.

Inventory:

Hand Weapons
 i - the +4 mace of Conscience (weapon) {pain, +Fly rPois rF- Str+4}
   (You found it on level 5 of the Dungeon)

   In the hands of one skilled in necromantic magic, it inflicts extra damage on
   living creatures.
   It affects your strength (+4).
   It makes you vulnerable to fire.
   It protects you from poison.
   It lets you fly.
Armour
 a - a +0 robe (worn)
Scrolls
 d - 3 scrolls of enchant weapon {unknown}
 e - 2 scrolls of random uselessness {unknown}
 f - 2 scrolls of remove curse {unknown}
 h - a scroll of enchant armour {unknown}
Books
 b - a book of Air

   Spells                             Type                      Level
   a - Shock                          Conjuration/Air              1
   b - Swiftness                      Charms/Air                   2
   c - Repel Missiles                 Charms/Air                   2
   d - Static Discharge               Conjuration/Air              3
   e - Lightning Bolt                 Conjuration/Air              5
Comestibles
 c - 2 bread rations


   Skills:
 - Level 1.3 Dodging
 - Level 1.2 Stealth
 + Level 1.6 Spellcasting
 * Level 1.5 Conjurations
 * Level 3.0 Air Magic


You had one spell level left.
You knew the following spells:

 Your Spells              Type           Power        Failure   Level  Hunger
a - Shock                 Conj/Air       #...         12%         1    ##.....
b - Repel Missiles        Chrm/Air       #.....       24%         2    ###....


Dungeon Overview and Level Annotations

Branches:
Dungeon (5/15)
 Temple: D:4-7

Altars:


Innate Abilities, Weirdness & Mutations

You have hooves in place of feet.
Armour fits poorly on your strangely shaped body.
You cover ground very quickly.
You have extremely tough skin (AC +3).


Message History

You hit the centaur skeleton. You kick the centaur skeleton.
The centaur skeleton barely misses you. The centaur skeleton hits you.
You hit the centaur skeleton but do no damage.
The centaur skeleton hits you. The centaur skeleton barely misses you.
You hit the centaur skeleton. You kick the centaur skeleton.
The centaur skeleton hits you. x2
* * * LOW HITPOINT WARNING * * *
You are too injured to fight recklessly!
You are too injured to fight recklessly!
You are too injured to fight recklessly!
You are too injured to fight recklessly!
You hit the centaur skeleton.
The centaur skeleton hits you but does no damage. x2
Unknown command.
Drink which item? (? for menu, Esc to quit)
Okay, then.
Drink which item? (? for menu, Esc to quit)
It was a potion of magic.
Magic courses through your body. The centaur skeleton hits you.
You die...

#.....# ..........#
#.....# ..........#
#.....####..........#
#.........####......#
#.........#..#......#
#.........#..#......#
#.........'..+S.....+
#...Z.....#..#......#
#.<.@.########......#
#.........# #......#
#.........# #......'
#.........# #......#
#....###### #.......
#.... #....... #....
#######. #..<. . .


You could see a centaur skeleton.

Vanquished Creatures
  An adder (D:2)
  A bat (D:2)
  A hobgoblin (D:2)
  A kobold (D:1)
4 creatures vanquished.

Notes
Turn   | Place    | Note
--------------------------------------------------------------
     0 | D:1      | 4thArraOfDagon the Centaur Air Elementalist began the quest for the Orb.
     0 | D:1      | Reached XP level 1. HP: 14/14 MP: 3/3
    19 | D:1      | Reached skill level 1 in Conjurations
    84 | D:2      | Reached XP level 2. HP: 20/20 MP: 0/4
    98 | D:2      | Reached skill level 3 in Air Magic
   159 | D:2      | You fall through a shaft!
   172 | D:3      | Learned a level 2 spell: Repel Missiles
   220 | D:4      | Noticed an ogre
   224 | D:5      | Entered Level 5 of the Dungeon
   232 | D:5      | Got a jewelled mace
   233 | D:5      | Identified the +4 mace of Conscience {pain, +Fly rPois rF- Str+4} (You found it on level 5 of the Dungeon)
   285 | D:5      | Slain by a centaur skeleton

Vault maps used:
D:1:      dpeg_arrival_tiny_i, okawaru_ov_weapons_minmay
D:2:      lemuel_doored_altar, uniq_crazy_yiuf_cottage, uniq_sigmund
D:3:      tso_altar, uniq_robin
D:4:      kennysheep_mini_moat, nicolae_gozag_cash_rules_everything_around_me,
          first_bread, lemuel_angel_altar
D:5:      kennysheep_mini, serial_shops, shop

Action                   || total
-------------------------++-------
Melee: Unarmed           ||     5
       Mace              ||     4
 Cast: Shock             ||     8
       Repel Missiles    ||     1
  Use: Potion            ||     1
